 Dungeon Crawl Stone Soup version 0.27.1-4-g1640c2035a (webtiles) character file.

Game seed: 1204066603729935586

142 Crownlay the Digger (level 5, -3/28 HPs)
             Began as a Gargoyle Earth Elementalist on Oct 31, 2021.
             Slain by a gnoll (5 damage)
             ... on level 4 of the Dungeon.
             The game lasted 00:04:08 (3372 turns).

Crownlay the Digger (Gargoyle Earth Elementalist)   Turns: 3372, Time: 00:04:09

Health: -3/28      AC:  6    Str: 12    XL:     5   Next: 25%
Magic:  6/11       EV: 11    Int: 16    God:
Gold:   94         SH:  0    Dex: 10    Spells: 8/12 levels left

rFire    . . .     SeeInvis .   h - +1 war axe (vamp)
rCold    . . .     Faith    .   (no shield)
rNeg     + . .     Spirit   .   b - +0 robe
rPois    ∞         Reflect  .   (no helmet)
rElec    +         Harm     .   (no cloak)
rCorr    .         Rampage  .   (no gloves)
Will     .....                  (no boots)
Stlth    ++........             (no amulet)
HPRegen  0.09/turn              (no ring)
MPRegen  0.12/turn              (no ring)

@: no status effects
A: sickness immunity, AC +4, negative energy resistance 1, electricity
resistance, torment resistance 1, petrification resistance
a: no special abilities


You were on level 4 of the Dungeon.
You visited 1 branch of the dungeon, and saw 5 of its levels.

You collected 94 gold pieces.

Inventory:

Hand Weapons
 h - a +1 vampiric war axe (weapon)
Missiles
 c - 81 stones
Armour
 b - a +0 robe (worn)
Scrolls
 a - 2 scrolls of brand weapon {unknown}
 d - a scroll of immolation {unknown}
 e - a scroll of enchant armour {unknown}
 f - a scroll of identify {unknown}
 g - 3 scrolls of acquirement {unknown}
 j - a scroll of teleportation {unknown}
 k - a scroll of vulnerability {unknown}
Potions
 i - a potion of degeneration {unknown}
 l - a potion of cancellation {unknown}


   Skills:
 - Level 1.5 Dodging
 - Level 2.1 Stealth
 * Level 4.0 Spellcasting
 - Level 0.7 Transmutations
 + Level 1.0 Air Magic
 + Level 4.8 Earth Magic


You had 8 spell levels left.
You knew the following spells:

 Your Spells              Type           Power      Damage    Failure   Level
a - Sandblast             Erth           36%        2d10      2%          1
b - Stone Arrow           Conj/Erth      20%        3d8       19%         3

Your spell library contained the following spells:

 Spells                   Type           Power      Damage    Failure   Level
 Passwall                 Tmut/Erth      10%        N/A       9%          2
 Shock                    Conj/Air       16%        1d4       14%         1
 Animate Skeleton         Necr           6%         N/A       17%         1
 Apportation              Tloc           6%         N/A       17%         1
 Corona                   Hex            3%         N/A       17%         1
 Summon Small Mammal      Summ           12%        N/A       17%         1
 Swiftness                Air            6%         N/A       32%         3
 Petrify                  Tmut/Erth      12%        N/A       47%         4
 Airstrike                Air            3%         N/A       73%         4


Dungeon Overview and Level Annotations

Branches:
Dungeon (5/15)
 Temple: D:4-7

Altars:
Ru

Annotations:
D:3 1 transporter, othur's ghost, amateur FoFi


Innate Abilities, Weirdness & Mutations

You are immune to sickness and miasma.
Your stone body is resilient. (AC +4)
You are immune to poison.
You resist negative energy. (rN+)
You are resistant to electric shocks. (rElec)
You are resistant to unholy torment.
You are immune to petrification.


Message History

Confirm with . or Enter, or press ? or * to list all spells.
Aiming: Sandblast (safe; 2% risk of failure)
Press: ? - help, Shift-Dir - straight line, f/p - gnoll
Aim: a gnoll, wielding a +0 halberd (heavily wounded, 82% to hit)
The blast of sand hits the gnoll!
You kill the gnoll!
The gnoll hits you from afar with a +0 halberd!
* * * LOW HITPOINT WARNING * * *
Your Spellcasting skill increases to level 4!
Your Air Magic skill increases to level 1!
Your magical contamination has completely faded away.
Casting: Sandblast (safe; 2% risk of failure)
Confirm with . or Enter, or press ? or * to list all spells.
Aiming: Sandblast (safe; 2% risk of failure)
Press: ? - help, Shift-Dir - straight line, f - gnoll
Aim: a gnoll, wielding a +0 halberd (82% to hit)
Okay, then.
Okay, then.
Okay, then.
You see here a giant cockroach corpse.
Found a leather armour.
An ufetubus comes into view.
Casting: Sandblast (safe; 2% risk of failure)
Confirm with . or Enter, or press ? or * to list all spells.
Aiming: Sandblast (safe; 2% risk of failure)
Press: ? - help, Shift-Dir - straight line, f - gnoll
Aim: a gnoll, wielding a +0 halberd (82% to hit)
The blast of sand hits the gnoll!
The gnoll is severely wounded.
The gnoll hits you from afar with a +0 halberd.
* * * LOW HITPOINT WARNING * * *
Casting: Sandblast (safe; 2% risk of failure)
Confirm with . or Enter, or press ? or * to list all spells.
Aiming: Sandblast (safe; 2% risk of failure)
Press: ? - help, Shift-Dir - straight line, f/p - gnoll
Aim: a gnoll, wielding a +0 halberd (severely wounded, 82% to hit)
The blast of sand hits the gnoll.
The gnoll is severely wounded.
The gnoll hits you from afar with a +0 halberd.
You die...

#..####.#.........#....... ##.##
#..#........##.......
##...###......#.....#......
###.............#....##....#
###.....................#...####
##.###.#.............##..........
.....#..#..........#..>.........†
........#.........##.............
................@.#.........##...
..#...##......###5g..........#...
. #...# ....... #..#.............
.##.####.....#..#................
.....#.......#[..................
...#.............................
#.##.............................
#.#......# ..........##.#......##
.[.......# .#........##........##


You could see a gnoll and an ufetubus.

Vanquished Creatures
  A hound skeleton (D:4)
  2 gnolls (D:4)
  5 adders
  An ufetubus (D:4)
  2 worms
  A dart slug (D:3)
  8 ball pythons
  An endoplasm (D:3)
  4 giant cockroaches
  4 goblins
  5 hobgoblins
  3 jackals (D:3)
  A quokka (D:1)
  6 bats
  4 frilled lizards
  5 kobolds
  2 rats (D:1)
55 creatures vanquished.

Notes
Turn   | Place    | Note
-------+----------+-------------------------------------------
     0 | D:1      | Crownlay the Gargoyle Earth Elementalist began the quest
                  | for the Orb.
     0 | D:1      | Reached XP level 1. HP: 10/10 MP: 3/3
   860 | D:1      | Reached XP level 2. HP: 15/15 MP: 5/5
  1030 | D:1      | Found a faded altar of an unknown god.
  1836 | D:2      | Reached XP level 3. HP: 19/19 MP: 3/7
  2264 | D:2      | Reached XP level 4. HP: 23/24 MP: 9/9
  2268 | D:2      | Learned a level 3 spell: Stone Arrow
  2646 | D:3      | Found a transporter.
  2658 | D:3      | Noticed othur's ghost (amateur FoFi)
  2955 | D:3      | Found a sacrificial altar of Ru.
  3031 | D:3      | You fall into a shaft and drop 2 floors!
  3031 | D:5      | Entered Level 5 of the Dungeon
  3273 | D:4      | Reached XP level 5. HP: 28/28 MP: 5/10
  3339 | D:4      | Reached skill level 1 in Air Magic
  3372 | D:4      | Slain by a gnoll

Illustrated notes

Levels and vault maps discovered:
D:1:      dpeg_arrival_windows_large_door, layout_rooms,
          hellmonk_ecumenical_altar_zigzags
D:2:      layout_loops_ring
D:3:      layout_loops_cross, kiku_gazebo_pond_becter, nicolae_ru_awakened_eye,
          gammafunk_ghost_stat_death, due_unseen_surprise, uniq_ijyb,
          uniq_sigmund
D:4:      layout_cave_pools, lemuel_tele_altar
D:5:      layout_loops_ring, minmay_temple_entry_large_hall

Skill      XL: |  1  2  3  4  5 |
---------------+----------------+-----
Earth Magic    | 4 |  4.8
Spellcasting   | 3 4 |  4.0
Air Magic      | 1 |  1.0
Dodging        | |  1.5
Stealth        | |  2.1
Transmutations | |  0.7

Action                   |  1- 3 |  4- 6 || total
-------------------------+-------+-------++-------
Melee: Unarmed           |    24 |       ||    24
       Mace              |    71 |    27 ||    98
       War axe           |       |    20 ||    20
 Cast: Sandblast         |    25 |    21 ||    46
 Stab: Sleeping          |     5 |       ||     5
Armor: Robe              |    49 |    20 ||    69
Dodge: Dodged            |    78 |    47 ||   125
